DBL
COLORADO ROCKIES @ SEATTLE PILOTS
04/02/1997
 
TOP OF THE 1ST
Colorado Rockies batting - Pitching for Seattle Pilots : RHP Alex Fernandez
Pitching: RHP Alex Fernandez
Batting: LHB Todd Helton 0-0: Ball
1-0: Ball
2-0: Called Strike
2-1: Swinging Strike
2-2: Foul Ball, location: 2F
2-2: Strikes out looking
Batting: RHB Juan Gonzalez 0-0: Fly out, F8 (Flyball, 89D, EV 88.1 MPH)
Batting: SHB Dmitri Young 0-0: Ball
1-0: Ball
2-0: SOLO HOME RUN (Flyball, 9D, EV 97.5 MPH), Distance : 373 ft
Batting: LHB Bob Hamelin 0-0: Swinging Strike
0-1: Called Strike
0-2: Ball
1-2: Foul Ball, location: 2F
1-2: Strikes out looking
Top of the 1st over - 1 run, 1 hit, 0 errors, 0 left on base; Colorado 1 - Seattle 0
BOTTOM OF THE 1ST
Seattle Pilots batting - Pitching for Colorado Rockies : RHP Jason Schmidt
Pitching: RHP Jason Schmidt
Batting: SHB Pat Listach 0-0: SINGLE (Flyball, 7LS, EV 97.5 MPH)
Batting: SHB Bill R Mueller 0-0: Ball
1-0: SINGLE (Groundball, 6MD, EV 94.4 MPH)
Pat Listach to second
Runner from 2nd tries for 3rd, SAFE, throw by CF made to third
Batting: LHB Ken Griffey Jr. 0-0: Called Strike
0-1: Ball
1-1: Ball
2-1: Fly out, F7 (Flyball, 7LS, EV 73.8 MPH)
Batting: RHB Edgar Martinez 0-0: Ball
1-0: Called Strike
1-1: Foul Ball, location: 2F
1-2: Foul Ball, location: 2F
1-2: Ball
2-2: Foul Ball, location: 2F
2-2: Grounds into double play, 5-4-3 (Groundball, 56, EV 93.1 MPH)
Bottom of the 1st over - 0 runs, 2 hits, 0 errors, 1 left on base; Colorado 1 - Seattle 0
TOP OF THE 2ND
Colorado Rockies batting - Pitching for Seattle Pilots : RHP Alex Fernandez
Batting: RHB Damion Easley 0-0: Called Strike
0-1: Swinging Strike
0-2: Ball
1-2: Ball
2-2: Fly out, F8 (Line Drive, 8LD, EV 103.8 MPH)
Batting: RHB Steve Gibralter 0-0: Ball
1-0: Called Strike
1-1: Bunt missed!
1-2: Foul Ball, location: 2F
1-2: Foul Ball, location: 2F
1-2: Ground out 6-3 (Groundball, 6, EV 90.0 MPH)
Batting: LHB Keith Lockhart 0-0: Ball
1-0: Called Strike
1-1: Ball
2-1: Foul Ball, location: 2F
2-2: Fly out, F8 (Flyball, 78D, EV 101.9 MPH)
Top of the 2nd over - 0 runs, 0 hits, 0 errors, 0 left on base; Colorado 1 - Seattle 0
BOTTOM OF THE 2ND
Seattle Pilots batting - Pitching for Colorado Rockies : RHP Jason Schmidt
Batting: SHB Mickey Tettleton 0-0: Swinging Strike
0-1: Foul Ball, location: 2F
0-2: Ball
1-2: Strikes out swinging
Batting: RHB Jermaine Dye 0-0: Ball
1-0: Fly out, F7 (Flyball, 7, EV 86.9 MPH)
Batting: LHB J.T. Snow 0-0: Called Strike
0-1: Called Strike
0-2: Ground out 3-1 (Groundball, 34, EV 89.4 MPH)
Bottom of the 2nd over - 0 runs, 0 hits, 0 errors, 0 left on base; Colorado 1 - Seattle 0
TOP OF THE 3RD
Colorado Rockies batting - Pitching for Seattle Pilots : RHP Alex Fernandez
Batting: LHB Chip Hale 0-0: Ground out 4-3 (Groundball, 4, EV 80.6 MPH)
Batting: SHB Brian Banks 0-0: Fly out, F7 (Flyball, 7S, EV 90.0 MPH)
Batting: LHB Todd Helton 0-0: Ball
1-0: Ball
2-0: Ball
3-0: Called Strike
3-1: Called Strike
3-2: Strikes out swinging, 2-3 out at first.
Top of the 3rd over - 0 runs, 0 hits, 0 errors, 0 left on base; Colorado 1 - Seattle 0
BOTTOM OF THE 3RD
Seattle Pilots batting - Pitching for Colorado Rockies : RHP Jason Schmidt
Batting: RHB Dante Bichette 0-0: Called Strike
0-1: Swinging Strike
0-2: Ball
1-2: Fly out, F7 (Flyball, 7LS, EV 83.8 MPH)
Batting: SHB Mark McLemore 0-0: Ball
1-0: Called Strike
1-1: Foul Ball, location: 2F
1-2: Strikes out swinging
Batting: SHB Pat Listach 0-0: Called Strike
0-1: Ball
1-1: Ground out 4-3 (Groundball, 4, EV 103.8 MPH)
Bottom of the 3rd over - 0 runs, 0 hits, 0 errors, 0 left on base; Colorado 1 - Seattle 0
TOP OF THE 4TH
Colorado Rockies batting - Pitching for Seattle Pilots : RHP Alex Fernandez
Batting: RHB Juan Gonzalez 0-0: Swinging Strike
0-1: Swinging Strike
0-2: Strikes out swinging
Batting: SHB Dmitri Young 0-0: Ground out 1-3 (Groundball, 34S, EV 80.6 MPH)
Batting: LHB Bob Hamelin 0-0: Called Strike
0-1: Foul Ball, location: 2F
0-2: Ball
1-2: Ball
2-2: SINGLE (Groundball, 34D, EV 106.3 MPH)
Batting: RHB Damion Easley 0-0: Ball
1-0: Foul Ball, location: 2F
1-1: Ball
2-1: Ground out 6-3 (Groundball, 56D, EV 104.4 MPH)
Top of the 4th over - 0 runs, 1 hit, 0 errors, 1 left on base; Colorado 1 - Seattle 0
BOTTOM OF THE 4TH
Seattle Pilots batting - Pitching for Colorado Rockies : RHP Jason Schmidt
Batting: SHB Bill R Mueller 0-0: Called Strike
0-1: Called Strike
0-2: Ball
1-2: DOUBLE (Line Drive, 89M, EV 108.1 MPH)
Batting: LHB Ken Griffey Jr. 0-0: Called Strike
0-1: Ball
1-1: Called Strike
1-2: Ball
2-2: Ground out 1-3 (Groundball, 34S, EV 73.1 MPH)
Bill R Mueller to third
Batting: RHB Edgar Martinez 0-0: Ball
1-0: Fly out, F9 (Line Drive, 9, EV 107.5 MPH)
Runner from 3rd tags up, SCORES, throw by RF
Batting: SHB Mickey Tettleton 0-0: Called Strike
0-1: Foul Ball, location: 2F
0-2: Ball
1-2: SINGLE (Flyball, 78S, EV 95.0 MPH)
Batting: RHB Jermaine Dye 0-0: Ball
1-0: Swinging Strike
1-1: Called Strike
1-2: Strikes out swinging
Bottom of the 4th over - 1 run, 2 hits, 0 errors, 1 left on base; Colorado 1 - Seattle 1
TOP OF THE 5TH
Colorado Rockies batting - Pitching for Seattle Pilots : RHP Alex Fernandez
Batting: RHB Steve Gibralter 0-0: DOUBLE (Line Drive, 78XD, EV 106.3 MPH)
Batting: LHB Keith Lockhart 0-0: Called Strike
0-1: Ball
1-1: Fly out, F4 (Popup, 23, EV 85.0 MPH)
Batting: LHB Chip Hale 0-0: Foul Ball, location: 2F
0-1: Ball
1-1: Ground out 6-3 (Groundball, 6M, EV 83.8 MPH)
Steve Gibralter to third
Batting: SHB Brian Banks 0-0: Called Strike
0-1: Foul Ball, location: 2F
0-2: Ball
1-2: Strikes out swinging
Top of the 5th over - 0 runs, 1 hit, 0 errors, 1 left on base; Colorado 1 - Seattle 1
BOTTOM OF THE 5TH
Seattle Pilots batting - Pitching for Colorado Rockies : RHP Jason Schmidt
Batting: LHB J.T. Snow 0-0: Ball
1-0: Swinging Strike
1-1: Foul Ball, location: 2F
1-2: Ground out 6-3 (Groundball, 6S, EV 86.9 MPH)
Batting: RHB Dante Bichette 0-0: Fly out, F9 (Flyball, 9S, EV 86.9 MPH)
Batting: SHB Mark McLemore 0-0: Ball
1-0: Fly out, F9 (Line Drive, 9, EV 110.6 MPH)
Bottom of the 5th over - 0 runs, 0 hits, 0 errors, 0 left on base; Colorado 1 - Seattle 1
TOP OF THE 6TH
Colorado Rockies batting - Pitching for Seattle Pilots : RHP Alex Fernandez
Batting: LHB Todd Helton 0-0: Ball
1-0: Called Strike
1-1: Ball
2-1: Swinging Strike
2-2: Strikes out swinging
Batting: RHB Juan Gonzalez 0-0: Called Strike
0-1: Ball
1-1: Called Strike
1-2: Fly out, F9 (Flyball, 9LSF, EV 89.4 MPH)
Batting: SHB Dmitri Young 0-0: Ball
1-0: Swinging Strike
1-1: Swinging Strike
1-2: Strikes out swinging
Top of the 6th over - 0 runs, 0 hits, 0 errors, 0 left on base; Colorado 1 - Seattle 1
BOTTOM OF THE 6TH
Seattle Pilots batting - Pitching for Colorado Rockies : RHP Jason Schmidt
Batting: SHB Pat Listach 0-0: Ball
1-0: Swinging Strike
1-1: Ball
2-1: Ball
3-1: Ground out U3 (Groundball, 3, EV 81.3 MPH)
Batting: SHB Bill R Mueller 0-0: SINGLE (Flyball, 7LS, EV 93.8 MPH)
Batting: LHB Ken Griffey Jr. 0-0: Foul Ball, location: 2F
0-1: Swinging Strike
0-2: Strikes out swinging
Batting: RHB Edgar Martinez 0-0: Ball
Pickoff Throw to First - Out! 1-3
Bottom of the 6th over - 0 runs, 1 hit, 0 errors, 0 left on base; Colorado 1 - Seattle 1
TOP OF THE 7TH
Colorado Rockies batting - Pitching for Seattle Pilots : RHP Alex Fernandez
Batting: LHB Bob Hamelin 0-0: Called Strike
0-1: Called Strike
0-2: Strikes out swinging, 2-3 out at first.
Batting: RHB Damion Easley 0-0: Ball
1-0: Called Strike
1-1: Ball
2-1: SOLO HOME RUN (Flyball, 8RXD, EV 103.1 MPH), Distance : 418 ft
Batting: RHB Steve Gibralter 0-0: Ball
1-0: SINGLE (Line Drive, 9S, EV 98.8 MPH)
Batting: LHB Keith Lockhart 0-0: Ball
1-0: 2-RUN HOME RUN (Flyball, 7LD, EV 99.4 MPH), Distance : 342 ft
Batting: LHB Chip Hale 0-0: Called Strike
0-1: Ball
1-1: Called Strike
1-2: Ball
2-2: Ball
3-2: Base on Balls
Batting: SHB Brian Banks 0-0: Ball
1-0: Called Strike
1-1: Foul Ball, location: 2F
1-2: Ball
2-2: Ball
3-2: Foul Ball, location: 2F
3-2: Base on Balls
Chip Hale to second
Batting: LHB Todd Helton 0-0: Called Strike
0-1: Foul Ball, location: 2F
0-2: Fly out, F8 (Line Drive, 8RM, EV 95.6 MPH)
Batting: RHB Juan Gonzalez 0-0: Foul Ball, location: 2F
0-1: Called Strike
0-2: Ball
1-2: Foul Ball, location: 2F
1-2: Fly out, F8 (Flyball, 89XD, EV 90.0 MPH)
Top of the 7th over - 3 runs, 3 hits, 0 errors, 2 left on base; Colorado 4 - Seattle 1
BOTTOM OF THE 7TH
Seattle Pilots batting - Pitching for Colorado Rockies : RHP Jason Schmidt
Batting: RHB Edgar Martinez 0-0: Swinging Strike
0-1: Ball
1-1: Ball
2-1: Ball
3-1: Foul Ball, location: 2F
3-2: Base on Balls
Batting: SHB Mickey Tettleton 0-0: Foul Ball, location: 2F
0-1: Foul Ball, location: 2F
0-2: Foul Ball, location: 2F
0-2: Ball
1-2: Ball
2-2: Fly out, F6 (Popup, 15S, EV 91.9 MPH)
Pitching: RHP Mike Timlin
Batting: RHB Jermaine Dye 0-0: Ball
1-0: Ball
2-0: Fly out, F7 (Flyball, 7, EV 90.6 MPH)
Batting: LHB J.T. Snow 0-0: Ball
1-0: Ground out 4-3 (Groundball, 4, EV 90.6 MPH)
Bottom of the 7th over - 0 runs, 0 hits, 0 errors, 1 left on base; Colorado 4 - Seattle 1
TOP OF THE 8TH
Colorado Rockies batting - Pitching for Seattle Pilots : RHP Alex Fernandez
Batting: SHB Dmitri Young 0-0: Called Strike
0-1: Foul Ball, location: 2F
0-2: SINGLE (Line Drive, 4D, EV 96.3 MPH)
Pitching: LHP Derek Lilliquist
Batting: LHB Bob Hamelin 0-0: Called Strike
0-1: Foul Ball, location: 2F
0-2: Fly out, F4 (Popup, 4MD, EV 56.3 MPH)
Batting: RHB Damion Easley 0-0: Called Strike
0-1: Foul Ball, location: 2F
0-2: Hit by Pitch
Dmitri Young to second
Batting: RHB Steve Gibralter 0-0: Called Strike
0-1: Foul Ball, location: 9LSF, Error on foul ball, E9
0-2: Foul Ball, location: 2F
0-2: Ball
1-2: Ball
2-2: SINGLE (Groundball, 6MD, EV 108.8 MPH)
Dmitri Young to third
Damion Easley to second
Runner from 3rd tries for Home, SAFE, throw by CF to home
Batting: LHB Keith Lockhart 0-0: SINGLE (Groundball, 34D, EV 108.8 MPH)
Damion Easley to third
Steve Gibralter to second
Runner from 3rd tries for Home, SAFE, no throw by RF
Batting: LHB Chip Hale 0-0: Called Strike
0-1: Foul Ball, location: 2F
0-2: Foul Ball, location: 2F
0-2: Ball
1-2: Ball
2-2: Fly out, F8 (Flyball, 8LD, EV 94.4 MPH)
Batting: SHB Brian Banks 0-0: Ball
1-0: Called Strike
1-1: Fielders Choice at 2nd, 6-4 (Groundball, 6, EV 86.9 MPH)
Top of the 8th over - 2 runs, 3 hits, 1 error, 2 left on base; Colorado 6 - Seattle 1
BOTTOM OF THE 8TH
Seattle Pilots batting - Pitching for Colorado Rockies : RHP Mike Timlin
Batting: RHB Dante Bichette 0-0: Called Strike
0-1: Called Strike
0-2: Ball
1-2: Ball
2-2: Foul Ball, location: 2F
2-2: Foul Ball, location: 2F
2-2: Strikes out swinging
Batting: SHB Mark McLemore 0-0: Called Strike
0-1: Ball
1-1: Ball
2-1: Ball
3-1: Called Strike
3-2: SINGLE (Line Drive, 7S, EV 88.1 MPH)
Batting: SHB Pat Listach 0-0: Called Strike
0-1: Fly out, F8 (Flyball, 8LD, EV 109.4 MPH)
Batting: SHB Bill R Mueller 0-0: Ball
1-0: Called Strike
1-1: Ball
2-1: Ground out 4-3 (Groundball, 34, EV 107.5 MPH)
Bottom of the 8th over - 0 runs, 1 hit, 0 errors, 1 left on base; Colorado 6 - Seattle 1
TOP OF THE 9TH
Colorado Rockies batting - Pitching for Seattle Pilots : LHP Derek Lilliquist
Batting: LHB Todd Helton 0-0: Swinging Strike
0-1: Ball
1-1: Fly out, F8 (Flyball, 8RS, EV 88.8 MPH)
Batting: RHB Juan Gonzalez 0-0: Fly out, F9 (Flyball, 9S, EV 86.3 MPH)
Batting: SHB Dmitri Young 0-0: Ball
1-0: Called Strike
1-1: Foul Ball, location: 2F
1-2: Strikes out swinging
Top of the 9th over - 0 runs, 0 hits, 0 errors, 0 left on base; Colorado 6 - Seattle 1
BOTTOM OF THE 9TH
Seattle Pilots batting - Pitching for Colorado Rockies : RHP Mike Timlin
Batting: LHB Ken Griffey Jr. 0-0: Ball
1-0: Swinging Strike
1-1: Called Strike
1-2: SINGLE (Groundball, 34D, EV 105.0 MPH)
Batting: RHB Edgar Martinez 0-0: Ball
1-0: Called Strike
1-1: Swinging Strike
1-2: Ball
2-2: Strikes out swinging
Batting: SHB Mickey Tettleton 0-0: Ball
1-0: Ball
2-0: Ball
3-0: Base on Balls
Ken Griffey Jr. to second
Pitching: RHP John E. Farrell
Batting: RHB Jermaine Dye 0-0: Fly out, F9 (Flyball, 9S, EV 87.5 MPH)
Batting: LHB J.T. Snow 0-0: Ball
1-0: Called Strike
1-1: Foul Ball, location: 2F
1-2: Fly out, F6 (Line Drive, 6, EV 62.5 MPH)
Bottom of the 9th over - 0 runs, 1 hit, 0 errors, 2 left on base; Colorado 6 - Seattle 1
Wednesday, January 21st, 2026 - OOTP Baseball 20.8 Build 74